 Dungeon Crawl Stone Soup version 0.30-a0-743-gbfdf073431 (webtiles) character file.

Game seed: 16531962628956990279

401 jimonade the Magician (level 7, -2/47 HPs)
             Began as a Djinni Hedge Wizard on Feb 5, 2023.
             Slain by an orc wizard
             ... wielding a +0 dagger
              (3 damage)
             ... in the Ecumenical Temple.
             The game lasted 00:09:04 (3972 turns).

jimonade the Magician (Djinni Hedge Wizard)         Turns: 3972, Time: 00:09:05

Health: -2/47      AC:  5    Str: 11    XL:     7   Next: 11%
Gold:   197        EV: 13    Int: 15    God:
                   SH:  0    Dex: 13

rFire   + + .      SeeInvis .    a - +2 short sword (protect)
rCold   x . .      Faith    .    (no shield)
rNeg    . . .      Spirit   .    b - +0 robe
rPois   ∞          Reflect  .    c - +0 hat
rElec   .          Harm     .    (no cloak)
rCorr   .          Rampage  .    j - +2 pair of gloves {infuse}
Will    .....                    (boots unavailable)
Stlth   +                        (no amulet)
HPRegen 0.27/turn                (no ring)
MPRegen 0.00/turn                (no ring)

@: confused, flying
A: sickness immunity, fire resistance 2, cold vulnerability 1, float, innate
caster, HP casting, extra vitality 1
a: no special abilities


You were in the Ecumenical Temple.
You visited 2 branches of the dungeon, and saw 6 of its levels.

You collected 197 gold pieces.

Inventory:

Hand Weapons
 a - a +2 short sword of protection (weapon)
 p - a +0 dagger
Missiles
 u - 2 poisoned darts
Armour
 b - a +0 robe (worn)
 c - a +0 hat (worn)
 f - an orb of guile
 j - a +2 pair of gloves of infusion (worn)
 x - a +0 leather armour
 y - a +0 ring mail
Scrolls
 e - a scroll of enchant armour {unknown}
 i - a scroll of enchant weapon {unknown}
 m - 4 scrolls of identify {unknown}
 o - a scroll of immolation {unknown}
 q - a scroll of fog {unknown}
Potions
 g - 2 potions of mutation {unknown}
 h - 3 potions of brilliance {unknown}
 k - 2 potions of haste {unknown}
 l - a potion of lignification {unknown}
 n - a potion of attraction {unknown}
 r - a potion of heal wounds {unknown}
 s - a potion of might {unknown}
 t - a potion of curing {unknown}
 v - a potion of berserk rage {unknown}
 w - a potion of degeneration {unknown}


   Skills:
 + Level 1.0 Fighting
 + Level 1.9 Short Blades
 + Level 3.1 Dodging
 - Level 1.5 Stealth
 * Level 5.1 Spellcasting


You had 2 spell levels left.
You knew the following spells:

 Your Spells              Type           Power      Damage    Failure   Level
a - Magic Dart            Conj           76%        1d6       1%          1
b - Slow                  Hex            76%        N/A       1%          1
c - Blink                 Tloc           38%        N/A       3%          2
d - Call Imp              Summ           19%        N/A       3%          2
e - Mephitic Cloud        Conj/Pois/Air  19%        N/A       6%          3
f - Foxfire               Conj/Fire      76%        2x1d7     1%          1
g - Ensorcelled Hibernat  Hex/Ice        38%        N/A       3%          2
h - Passwall              Tmut/Erth      15%        N/A       3%          2
Your spell library was empty.

Dungeon Overview and Level Annotations

Branches:
Dungeon (5/15)             Temple (1/1) D:5

Altars:
Dithmenos
Elyvilon
Fedhas
Gozag
Hepliaklqana
Makhleb
Qazlal
Ru
Trog
Uskayaw
Wu Jian
Xom
Zin
The Shining One


Innate Abilities, Weirdness & Mutations

You are immune to sickness and miasma.
You are immune to poison.
Your flesh is very heat resistant. (rF++)
You are vulnerable to cold. (rC-)
You float through the air rather than walking.
You learn spells naturally, not from books.
Your magical power is your life essence.
You have superior vitality. (+4 MHP)


Message History

You hit the orc priest.
The orc priest is severely wounded.
The hound closely misses something.
The orc hits you but does no damage.
You hear some strange, mumbled words.
You are confused.
An orc priest comes into view. It is wielding a +0 flail.
The orc priest hits itself with a +0 short sword.
The orc priest is killed!
The hound barely misses you.
You closely miss something.
The orc priest shouts!
The hound bites something.
The hound closely misses you. The orc hits you but does no damage.
Something hits you but does no damage. The hound bites you but does no damage.
You miss something. The orc barely misses you. The hound closely misses you.
The hound bites you but does no damage.
The orc hits you from afar with a +0 trident.
The orc priest mumbles some strange prayers to Beogh against you.
Beogh smites you!
* * * LOW HITPOINT WARNING * * *
You hear some strange, mumbled words.
You are more confused.
There is a staircase to the Ecumenical Temple here.
The hound completely misses you. The hound barely misses you.
The orc barely misses you. Something hits you but does no damage.
The hound bites you but does no damage.
You fly downwards.
Welcome back to the Ecumenical Temple!
Reactivating autopickup.
There is a staircase back to the Dungeon here.
You barely miss the hound. The hound barely misses you.
Something hits you but does no damage.
Deactivating autopickup; reactivate with Ctrl-A.
You bump into the rock wall.
The hound misses you. Something hits you.
* * * LOW HITPOINT WARNING * * *
The hound closely misses you.
Unknown command.
Unknown command.
The hound attacks as you move away! The hound bites you but does no damage.
Something hits you.
You die...

########################
...............h@......#
#'#############{.#####.#
..#...#.._.#..#..#...#.#
_.#._.#....#..'..'...#.#
###...#'#######..#...#.#
_.#...#.#._#..#.######.#
..###'#.#..#._#.#...∩#.#
#'#..⌠..#'##..#.#....#.#
...........#'##.#....#.#


You could see a hound.

Vanquished Creatures
  A sky beast (D:4)
  An ogre (D:4)
  2 orc priests (D:5)
  A hound (D:4)
  4 adders
  2 worms
  3 dart slugs
  10 orcs
  5 bats
  6 endoplasms
  3 giant cockroaches (D:4)
  7 hobgoblins
  2 jackals (D:2)
  6 quokkas
  13 ball pythons
  A frilled lizard (D:2)
  9 goblins
  7 kobolds
  6 rats
89 creatures vanquished.

Vanquished Creatures (collateral kills)
  6 foxfires (D:4)
6 creatures vanquished.

Vanquished Creatures (others)
  142 foxfires
142 creatures vanquished.

Grand Total: 237 creatures vanquished

Notes
Turn   | Place    | Note
-------+----------+-------------------------------------------
     0 | D:1      | jimonade the Djinni Hedge Wizard began the quest for the
                  | Orb.
     0 | D:1      | jimonade set off with the following spells memorised: Magic
                  | Dart, Slow, Blink, Call Imp, Mephitic Cloud.
     0 | D:1      | Reached XP level 1. HP: 15/15 MP: 0/0
   129 | D:1      | Reached XP level 2. HP: 20/21 MP: 0/0
   430 | D:1      | Reached skill level 3 in Spellcasting
   596 | D:1      | Found a faded altar of an unknown god.
   988 | D:2      | Reached XP level 3. HP: 21/25 MP: 0/0
   988 | D:2      | Learned a level 1 spell: Foxfire
  1318 | D:2      | Reached XP level 4. HP: 21/31 MP: 0/0
  1787 | D:3      | Found an ornate altar of the Wu Jian Council.
  2358 | D:3      | Reached skill level 4 in Spellcasting
  2520 | D:3      | Reached XP level 5. HP: 25/35 MP: 0/0
  2520 | D:3      | Learned a level 2 spell: Ensorcelled Hibernation
  2766 | D:4      | Noticed a sky beast
  2820 | D:4      | Killed a sky beast
  2820 | D:4      | Noticed an ogre
  2821 | D:4      | Reached skill level 1 in Short Blades
  2821 | D:4      | Reached XP level 6. HP: 27/41 MP: 0/0
  2831 | D:4      | Killed an ogre
  3266 | D:4      | Found a blossoming altar of Fedhas.
  3388 | D:5      | Entered Level 5 of the Dungeon
  3414 | D:5      | Found a staircase to the Ecumenical Temple.
  3437 | Temple   | Entered the Ecumenical Temple
  3957 | D:5      | Reached skill level 1 in Fighting
  3957 | D:5      | Reached skill level 5 in Spellcasting
  3957 | D:5      | Reached XP level 7. HP: 25/47 MP: 0/0
  3957 | D:5      | Learned a level 2 spell: Passwall
  3967 | D:5      | HP: 1/47 [orc priest/divine providence (14)]
  3972 | Temple   | Slain by an orc wizard

Illustrated notes

Levels and vault maps discovered:
D:1:      dpeg_arrival_shelter, layout_basic,
          shapermc_ecumenical_altar_mp_vishouse
D:2:      layout_rooms, st_stairs_12, grunt_ministairs_9
D:3:      layout_loops_ring, mainiacjoe_overflow_24_doors,
          minmay_misc_feat_more_columns, kennysheep_generic_room_7
D:4:      layout_rooms, kennysheep_mini_moat, minmay_misc_feat_pillars,
          minmay_hedge_maze
D:5:      layout_basic, minmay_temple_entry_waves, ebering_dispersal_statue_hall
Temple:   bh_familiar_temple

Skill      XL: |  1  2  3  4  5  6 |
---------------+-------------------+-----
Spellcasting   | 3 4 5 |  5.1
Short Blades   | 1 |  1.9
Dodging        | 3 |  3.1
Fighting       | 1 |  1.0
Stealth        | |  1.5

Action                     |  1- 3 |  4- 6 |  7- 9 || total
---------------------------+-------+-------+-------++-------
  Melee: Dagger            |     1 |       |       ||     1
         Short sword       |       |    62 |     9 ||    71
         Punch             |       |     1 |     1 ||     2
   Cast: Magic Dart        |    85 |    11 |       ||    96
         Slow              |     1 |       |       ||     1
         Foxfire           |       |    83 |       ||    83
         Mephitic Cloud    |       |     3 |     1 ||     4
 Armour: Robe              |     3 |    44 |    16 ||    63
  Dodge: Dodged            |    19 |    53 |    16 ||    88

Table legend: (Time is in decaauts)
 A = Elapsed time spent in this place.
 B = Non-inter-level travel time spent in this place.
 C = Inter-level travel time spent in this place.
 D = Time resting spent in this place.
 E = Time spent auto-exploring this place.
 F = Levels seen in this place.
 G = Mean time per level.
                   A        B        C        D        E       F      G
               +--------+--------+--------+--------+--------+-----+--------+
         Total |   3975 |   3761 |    214 |    807 |   2340 |   6 |  662.5 |
       Dungeon |   3458 |   3263 |    195 |    481 |   2176 |   5 |  691.6 |
        Temple |    517 |    498 |     19 |    326 |    164 |   1 |  517.0 |
               +--------+--------+--------+--------+--------+-----+--------+

Top non-repeatable levels by time:
     D:3: 1094 daAuts
     D:1: 1044 daAuts
     D:2: 640 daAuts
     D:4: 611 daAuts
  Temple: 517 daAuts
     D:5: 66 daAuts
